 Dungeon Crawl Stone Soup version 0.27.1 (webtiles) character file.

Game seed: 14741418884940275711

139 greenlake the Covered (level 5, -18/45 HPs)
             Began as a Minotaur Fighter on Aug 29, 2021.
             Demolished by an ogre (23 damage)
             ... on level 4 of the Dungeon.
             The game lasted 00:06:11 (2758 turns).

greenlake the Covered (Minotaur Fighter)            Turns: 2758, Time: 00:06:11

Health: -18/45     AC:  7    Str: 22    XL:     5   Next: 1%
Magic:  4/4        EV:  7    Int:  5    God:
Gold:   134        SH:  9    Dex:  9    Spells: 4/4 levels left

rFire    . . .     SeeInvis .   a - +0 long sword
rCold    . . .     Faith    .   c - +0 kite shield
rNeg     . . .     Spirit   .   b - +0 scale mail
rPois    .         Reflect  .   (helmet restricted)
rElec    .         Harm     .   (no cloak)
rCorr    .         Rampage  .   (no gloves)
Will     .....                  (no boots)
Stlth    ..........             (no amulet)
HPRegen  0.15/turn              (no ring)
MPRegen  0.09/turn              (no ring)

@: no status effects
A: horns 2, retaliatory headbutt
a: no special abilities


You were on level 4 of the Dungeon.
You visited 1 branch of the dungeon, and saw 4 of its levels.

You collected 134 gold pieces.

Inventory:

Hand Weapons
 a - a +0 long sword (weapon)
Armour
 b - a +0 scale mail (worn)
 c - a +0 kite shield (worn)
 h - a +0 chain mail
Wands
 k - a wand of paralysis (7)
Scrolls
 g - 2 scrolls of blinking {unknown}
 i - 2 scrolls of identify {unknown}
 m - a scroll of immolation {unknown}
 n - a scroll of brand weapon {unknown}
 q - a scroll of holy word {unknown}
Potions
 d - a potion of might
 e - a potion of ambrosia {unknown}
 f - 2 potions of degeneration {unknown}
 j - a potion of resistance {unknown}
 l - a potion of lignification {unknown}
 o - a potion of invisibility {unknown}
 p - a potion of brilliance {unknown}


   Skills:
 - Level 3.6 Fighting
 + Level 4.7 Long Blades
 + Level 5.5 Armour
 - Level 3.6 Shields


You had 4 spell levels left.
You didn't know any spells.
Your spell library contained the following spells:

 Spells                   Type           Power      Damage    Failure   Level
 Gell's Gravitas          Tloc           0%         N/A       100%        3
 Lesser Beckoning         Tloc           0%         N/A       100%        3
 Teleport Other           Tloc           0%         N/A       100%        3


Dungeon Overview and Level Annotations

Branches:
Dungeon (4/15)
 Temple: D:4-7

Altars:

Annotations:
D:2 Sigmund


Innate Abilities, Weirdness & Mutations

You have a pair of horns on your head.
You reflexively headbutt those who attack you in melee.


Message History

You see here 12 gold pieces.
Throw: 4 darts (atropa)
Press: ? - help, Q - select action, (/) - cycle Shift-Dir - straight line, f - ogre
Aim: an ogre, wielding a +0 giant club (71% to hit, chance to blind on hit: 27%)
You throw an atropa-tipped dart. The atropa-tipped dart hits the ogre.
The ogre resists.
Throw: 3 darts (atropa)
Press: ? - help, Q - select action, (/) - cycle Shift-Dir - straight line, f/p - ogre
Aim: an ogre, wielding a +0 giant club (71% to hit, chance to blind on hit: 27%)
You throw an atropa-tipped dart. The atropa-tipped dart hits the ogre.
The ogre resists.
Throw: 2 darts (atropa)
Press: ? - help, Q - select action, (/) - cycle Shift-Dir - straight line, f/p - ogre
Aim: an ogre, wielding a +0 giant club (70% to hit, chance to blind on hit: 27%)
You throw an atropa-tipped dart.
The atropa-tipped dart barely misses the ogre.
Throw: dart (atropa)
Press: ? - help, Q - select action, (/) - cycle Shift-Dir - straight line, f/p - ogre
Aim: an ogre, wielding a +0 giant club (70% to hit, chance to blind on hit: 27%)
You throw an atropa-tipped dart. The atropa-tipped dart hits the ogre.
The ogre resists.
You block the ogre's attack.
You hit the ogre.
The ogre is moderately wounded.
The ogre hits you with a +0 giant club!
You hit the ogre but do no damage.
The ogre is moderately wounded.
You block the ogre's attack.
You slash the ogre!
The ogre is heavily wounded.
The ogre hits you with a +0 giant club!
You barely miss the ogre. You headbutt the ogre!
The ogre is severely wounded.
The ogre hits you with a +0 giant club!
* * * LOW HITPOINT WARNING * * *
You hit the ogre.
The ogre is almost dead.
The ogre hits you with a +0 giant club!!
Ouch! That really hurt!
You die...

#..........#
#....###.....
#....# ....##
#..### ##..#
#..# ..#
#..### +#
#....#
##...#+#...
#.@O(=((.(
######..(.
###


You could see an ogre.

Vanquished Creatures
  A scorpion (D:3)
  5 adders
  An orc (D:3)
  4 bats
  3 endoplasms
  4 goblins
  2 hobgoblins (D:2)
  3 jackals (D:2)
  3 kobolds (D:1)
  4 quokkas
  2 ball pythons
  2 frilled lizards
  4 rats
38 creatures vanquished.

Vanquished Creatures (others)
  A plant (D:4)
1 creature vanquished.

Grand Total: 39 creatures vanquished

Notes
Turn   | Place    | Note
-------+----------+-------------------------------------------
     0 | D:1      | greenlake the Minotaur Fighter began the quest for the Orb.
     0 | D:1      | Reached XP level 1. HP: 19/19 MP: 0/0
   100 | D:1      | Reached skill level 4 in Armour
   100 | D:1      | Reached XP level 2. HP: 26/26 MP: 1/1
   294 | D:1      | Found a faded altar of an unknown god.
   626 | D:2      | Reached XP level 3. HP: 14/31 MP: 2/2
  1084 | D:2      | Noticed Sigmund
  2104 | D:3      | Noticed a scorpion
  2109 | D:3      | Killed a scorpion
  2110 | D:3      | Reached skill level 5 in Armour
  2110 | D:3      | Reached XP level 4. HP: 30/39 MP: 3/3
  2512 | D:3      | Reached XP level 5. HP: 45/45 MP: 4/4
  2748 | D:4      | Noticed an ogre
  2758 | D:4      | Demolished by an ogre

Illustrated notes

Levels and vault maps discovered:
D:1:      nzn_arrival_depleted_hourglass, layout_basic,
          hellmonk_ecumenical_altar_pennies_from_heaven, minmay_ruptured
D:2:      layout_rooms, uniq_sigmund
D:3:      layout_basic, chequers_serial_rivers_large_b
D:4:      layout_basic, serial_shops, shop, nicolae_ossuary_entry_plus,
          serial_bayou_lagoon_a

Skill      XL: |  1  2  3 |
---------------+----------+-----
Armour         | 4 5 |  5.5
Long Blades    | 3 4 |  4.7
Fighting       | |  3.6
Shields        | |  3.6

Action                   |  1- 3 |  4- 6 || total
-------------------------+-------+-------++-------
Melee: Long sword        |    61 |    23 ||    84
       Headbutt          |     4 |     2 ||     6
Throw: Dart              |       |     4 ||     4
Armor: Scale mail        |    30 |     9 ||    39
Dodge: Dodged            |    22 |     5 ||    27
Block: Kite shield       |    45 |    16 ||    61
       Rpst.: Long sword |    10 |     2 ||    12
